Map: Tugurios tóxicos

Players

MrFercho

  • Race: Terran Terran
  • Spawn Location: 7:00

tigro

  • Race: Terran Terran
  • Spawn Location: 5:00

IA (Más difícil)

  • Race: Terran Terran
  • Spawn Location: 3:00

IA (Más difícil)

  • Race: Protoss Protoss
  • Spawn Location: 12:00

IA (Más difícil)

  • Race: Zerg Zerg
  • Spawn Location: 6:00

IA (Más difícil)

  • Race: Protoss Protoss
  • Spawn Location: 3:00

IA (Más difícil)

  • Race: Zerg Zerg
  • Spawn Location: 11:00

IA (Más difícil)

  • Race: Protoss Protoss
  • Spawn Location: 9:00

VOD

Have the link to the VOD?

Description

Time

  • Played on: Nov. 18, 2018, 9:12 p.m.
  • Length: 8:28
Show
View Real Time Build Order
Export as new Build Order

MrFercho Terran 

Build Orders: Liberator Opening 

Get SALT Encoding   

  12  0:08  SCV  
  13  0:17  Supply Depot  
  13  0:37  Refinery  
  13  0:38  SCV  
  14  0:50  SCV  
  14  0:54  Barracks  
  15  1:03  SCV  
  16  1:18  SCV  
  17  1:21  Engineering Bay  
  17  1:30  SCV  
  18  1:42  SCV  
  19  1:54  SCV  
  20  2:06  SCV  
  21  2:10  Refinery  
  21  2:16  Factory  
  21  2:17  Marine  
  21  2:18  SCV  
  23  2:32  Supply Depot  
  23  2:34  Supply Depot  
  23  2:54  Marine, SCV  
  25  3:11  Starport  
  25  3:18  Cyclone  
  28  3:43  Liberator  
  27  3:50  Cyclone  
  33  4:15  Barracks Tech Lab  
  33  4:24  Factory Tech Lab  
  33  4:34  Engineering Bay  
  33  4:39  Marauder  
  33  4:43  SCV  
  36  4:55  SCV  
  37  5:00  Marauder  
  38  5:07  SCV  
  38  5:10  Command Center  
  36  5:19  SCV  
  32  5:31  SCV  
  31  5:46  Starport Tech Lab  
  31  6:01  Siege Tank  
  31  6:17  Supply Depot  
  31  6:21  Supply Depot  
  31  6:23  Refinery  
  30  6:49  Refinery  
Show
View Real Time Build Order
Export as new Build Order

tigro Terran 

Build Orders:  

Get SALT Encoding   

  12  0:24  Refinery  
  12  0:25  SCV  
  13  0:38  SCV  
  13  0:41  Refinery  
  14  0:49  Supply Depot  
  14  0:50  SCV  
  15  1:11  SCV  
  16  1:21  Barracks  
  16  1:28  SCV  
  17  1:38  Engineering Bay  
  17  1:40  SCV  
  18  2:01  SCV  
  19  2:09  Marine  
  19  2:13  SCV  
  21  2:24  Supply Depot  
  21  2:27  Marine  
  22  2:38  Factory  
  22  2:44  Terran Infantry Weapons Level 1  
  22  2:45  Marine  
  23  3:03  Marine  
  24  3:21  Marine  
  25  3:35  Command Center  
  25  3:40  Barracks Tech Lab  
  25  3:43  Factory Tech Lab  
  25  4:06  Combat Shield  
  25  4:10  Marauder  
  25  4:15  Refinery  
  27  4:25  SCV  
  28  4:32  Marauder  
  28  4:35  Infernal Pre-Igniter  
  28  4:37  SCV  
  31  4:38  Terran Infantry Armor Level 1  
  31  4:53  Marauder  
  31  4:55  Armory  
  33  5:00  Missile Turret  
  33  5:20  SCV  
  34  5:21  Missile Turret  
  34  5:32  SCV  
  34  5:46  Stimpack  
  34  5:54  Refinery  
  31  6:32  Hi-Sec Auto Tracking  
  31  6:37  Planetary Fortress  
  23  6:43  Marine  
  24  6:57  Siege Tank  
  24  7:01  Marine  
  28  7:11  Bunker  
  28  7:18  Marine  
  29  7:26  Concussive Shells  
  29  7:29  Siege Tank  
  32  7:36  Marine  
  33  7:54  Marine  
Show
View Real Time Build Order
Export as new Build Order

IA (Más difícil) Terran 

Build Orders:  

Get SALT Encoding   

  12  0:01  SCV  
  13  0:13  SCV  
  14  0:18  Supply Depot  
  14  0:25  SCV  
  15  0:40  SCV  
  16  0:44  Barracks  
  16  0:49  Refinery  
  16  0:52  SCV  
  17  1:04  SCV  
  18  1:16  SCV  
  19  1:20  Supply Depot  
  19  1:29  SCV  
  19  1:31  Marine  
  21  1:41  Barracks, Orbital Command  
  21  1:48  Refinery  
  21  1:51  Barracks Tech Lab  
  21  2:05  Supply Depot  
  21  2:09  Marauder  
  23  2:28  Marine  
  24  2:30  Marine  
  25  2:39  Supply Depot  
  25  2:46  Marine  
  25  2:48  Marine  
  27  2:58  SCV  
  27  3:03  Marine  
  29  3:06  Marauder  
  29  3:11  Engineering Bay, SCV  
  32  3:17  Supply Depot  
  32  3:21  Marine  
  32  3:23  SCV  
  34  3:27  Marine  
  35  3:35  SCV  
  35  3:39  Marine  
  37  3:45  Marauder  
  37  3:47  SCV  
  39  3:59  SCV  
  40  4:06  Marauder  
  42  4:11  SCV  
  43  4:28  Marauder  
  45  4:37  Barracks Tech Lab  
  45  4:39  Factory  
  45  4:44  Factory  
  43  4:49  Reaper  
  38  4:56  Marine, Concussive Shells  
  28  5:14  Marine  
  28  5:15  SCV  
  28  5:21  Marine  
  26  5:25  Factory Tech Lab  
  26  5:27  SCV  
  23  5:32  Marauder  
  19  5:39  Marine, SCV  
  9  5:51  SCV  
  9  5:53  Marauder  
  9  5:56  Marine  
  6  6:14  Marine  
Show
View Real Time Build Order
Export as new Build Order

IA (Más difícil) Protoss 

Build Orders:  

Get SALT Encoding   

  12  0:01  Probe  
  13  0:13  Probe  
  14  0:20  Pylon  
  14  0:25  Probe  
  15  0:34  Probe  
  15  0:42  Probe  
  16  0:48  Assimilator  
  17  0:51  Probe  
  17  0:52  Gateway  
  18  0:59  Probe  
  18  1:00  Pylon  
  19  1:20  Probe  
  20  1:39  Zealot  
  20  1:40  Gateway  
  20  1:42  Cybernetics Core  
  20  1:46  Assimilator  
  22  2:02  Pylon  
  22  2:04  Zealot  
  24  2:31  Stalker  
  24  2:32  Stalker  
  24  2:33  Warp Gate  
  28  2:45  Pylon  
  28  2:52  Stalker  
  28  2:59  Adept  
  28  3:00  Probe  
  33  3:12  Probe  
  34  3:18  Adept  
  34  3:21  Pylon  
  34  3:24  Probe  
  37  3:29  Stalker  
  37  3:31  Forge  
  39  3:36  Probe  
  40  3:45  Stalker  
  42  3:49  Probe  
  43  4:01  Probe  
  44  4:34  Protoss Ground Weapons Level 1  
  44  4:45  Stalker  
  44  4:51  Gateway  
  44  4:52  Zealot  
  40  4:55  Pylon  
  38  5:08  Stalker  
  38  5:09  Probe  
  40  5:15  Sentry  
  42  5:22  Robotics Facility  
  42  5:25  Adept  
  44  5:38  Zealot  
  46  5:43  Pylon  
  46  5:46  Stalker  
  48  5:53  Stalker  
  50  6:00  Stalker  
  50  6:01  Photon Cannon  
  52  6:05  Observer  
  52  6:10  Twilight Council, Sentry  
  53  6:17  Zealot  
  49  6:18  Nexus  
  49  6:24  Stalker  
  47  6:42  Zealot  
  49  6:50  Stalker  
  51  6:57  Stalker  
  53  7:05  Sentry  
  55  7:14  Adept  
  57  7:21  Observer  
  57  7:22  Photon Cannon  
  57  7:31  Probe  
  57  7:32  Probe  
  59  7:43  Probe  
  60  7:45  Probe  
  60  7:50  Assimilator  
  61  7:51  Pylon  
  61  7:55  Probe  
  61  7:57  Probe  
  63  8:07  Pylon, Probe  
  63  8:09  Probe  
  66  8:20  Stargate  
Show
View Real Time Build Order
Export as new Build Order

IA (Más difícil) Zerg 

Build Orders: 1 Base Baneling Bust, Pool First 

Get SALT Encoding   

  12  0:01  Drone  
  13  0:12  Overlord  
  13  0:17  Drone  
  14  0:30  Drone x2  
  16  0:43  Spawning Pool  
  16  0:44  Drone  
  16  0:48  Drone  
  17  0:51  Extractor  
  17  0:55  Drone  
  17  1:06  Overlord  
  17  1:31  Zergling x2  
  17  1:32  Queen  
  18  1:35  Roach Warren  
  18  1:36  Zergling x2  
  18  1:38  Drone  
  21  1:40  Extractor  
  20  1:49  Drone  
  21  2:00  Drone  
  22  2:10  Overlord  
  22  2:21  Drone  
  23  2:32  Roach  
  25  2:39  Drone, Roach  
  25  2:41  Overlord  
  25  2:44  Roach  
  30  2:54  Roach  
  32  3:05  Roach  
  34  3:11  Overlord, Roach  
  36  3:16  Roach  
  38  3:21  Roach  
  40  3:27  Roach  
  40  3:32  Baneling Nest  
  41  3:37  Drone  
  41  3:40  Evolution Chamber  
  41  3:42  Drone  
  41  3:43  Roach  
  41  3:45  Drone  
  45  3:49  Drone  
  45  4:00  Zergling x2  
  46  4:10  Drone  
  46  4:14  Drone x2  
  46  4:15  Drone  
  50  4:22  Overlord  
  50  4:53  Lair  
  50  4:57  Zerg Melee Weapons Level 1  
  43  5:20  Zergling x2  
  33  5:41  Zergling x6  
  33  5:42  Zergling x2  
  37  5:43  Zergling x2, Roach  
  37  5:44  Roach  
  38  5:51  Queen  
  38  5:53  Roach  
  38  5:56  Hydralisk Den  
  41  5:59  Metabolic Boost  
  41  6:18  Roach  
  41  6:26  Hydralisk  
  41  6:27  Burrow  
  41  6:29  Lurker Den  
  41  6:31  Drone  
  40  6:35  Hydralisk  
  39  6:46  Roach  
  41  6:49  Spore Crawler  
  40  6:54  Spore Crawler  
  40  6:56  Hydralisk  
  40  6:58  Drone  
  42  7:05  Hydralisk  
  44  7:14  Hydralisk  
  46  7:19  Spine Crawler  
  46  7:20  Overseer  
  44  7:23  Spine Crawler  
  44  7:26  Hatchery  
  42  7:38  Queen, Drone  
  45  7:49  Overseer  
  45  7:53  Infestation Pit  
  45  7:58  Hydralisk, Lurker x2  
  47  8:07  Zergling x2  
Show
View Real Time Build Order
Export as new Build Order

IA (Más difícil) Protoss 

Build Orders:  

Get SALT Encoding   

  12  0:01  Probe  
  13  0:13  Probe  
  14  0:20  Pylon  
  14  0:25  Probe  
  15  0:34  Probe  
  15  0:42  Probe  
  16  0:47  Assimilator  
  17  0:51  Gateway, Probe  
  18  0:59  Pylon, Probe  
  19  1:18  Probe  
  20  1:37  Zealot  
  22  1:40  Gateway  
  22  1:42  Cybernetics Core  
  22  1:45  Assimilator  
  22  1:55  Zealot  
  22  1:59  Pylon  
  24  2:22  Zealot  
  26  2:23  Warp Gate  
  26  2:27  Zealot  
  28  2:36  Pylon  
  28  2:49  Stalker  
  28  2:51  Adept  
  32  3:04  Probe  
  33  3:16  Probe  
  33  3:18  Pylon  
  33  3:19  Stalker  
  36  3:21  Stalker  
  38  3:28  Probe  
  39  3:37  Forge  
  39  3:40  Probe  
  40  3:48  Adept  
  40  3:49  Zealot  
  40  3:52  Probe  
  45  4:02  Probe  
  46  4:26  Protoss Ground Weapons Level 1  
  45  4:31  Probe  
  46  4:40  Stalker  
  46  4:43  Gateway  
  48  4:45  Pylon  
  48  4:48  Sentry  
  50  5:03  Stalker  
  50  5:07  Robotics Facility  
  52  5:11  Stalker  
  54  5:21  Sentry  
  54  5:23  Pylon  
  56  5:34  Twilight Council, Stalker  
  58  5:42  Stalker  
  60  5:47  Photon Cannon  
  60  5:48  Blink  
  60  5:56  Observer  
  61  5:58  Photon Cannon  
  61  6:17  Protoss Ground Armor Level 1, Forge  
  61  6:18  Observer  
  62  6:22  Nexus  
  62  6:40  Stargate  
  60  7:34  Probe  
  60  7:35  Probe  
  62  7:46  Probe  
  62  7:48  Assimilator, Probe  
  62  7:50  Pylon  
  64  7:58  Pylon, Probe  
  64  8:00  Probe  
  64  8:01  Assimilator  
  66  8:11  Probe  
  66  8:12  Probe  
  70  8:28  Photon Cannon  
Show
View Real Time Build Order
Export as new Build Order

IA (Más difícil) Zerg 

Build Orders: 1 Base Baneling Bust, Pool First 

Get SALT Encoding   

  12  0:01  Drone  
  13  0:12  Overlord  
  13  0:17  Drone  
  14  0:30  Drone x2  
  16  0:42  Spawning Pool  
  16  0:45  Drone  
  16  0:49  Drone  
  17  0:52  Extractor  
  17  0:55  Drone  
  17  1:06  Overlord  
  17  1:29  Queen  
  17  1:31  Zergling x2  
  20  1:36  Roach Warren  
  20  1:38  Drone  
  20  1:40  Zergling x2  
  20  1:42  Extractor  
  20  1:49  Drone  
  21  1:59  Drone  
  22  2:10  Overlord  
  22  2:21  Drone  
  23  2:32  Lair, Roach  
  23  2:36  Drone  
  26  2:41  Roach  
  28  2:49  Overlord  
  28  2:51  Roach  
  30  3:00  Roach  
  32  3:10  Roach  
  34  3:21  Roach  
  36  3:27  Overlord  
  36  3:33  Hydralisk Den  
  36  3:34  Roach  
  37  3:37  Drone  
  38  3:43  Roach  
  39  3:52  Zergling x2  
  40  4:02  Hydralisk  
  42  4:10  Overlord  
  42  4:11  Hydralisk  
  42  4:14  Drone  
  45  4:17  Drone  
  45  4:20  Hydralisk  
  45  4:21  Drone  
  49  4:28  Drone  
  50  4:37  Baneling Nest  
  49  4:39  Drone  
  49  4:43  Drone, Hydralisk  
  52  4:51  Drone  
  52  4:52  Evolution Chamber  
  52  4:53  Zergling x2  
  53  5:01  Drone  
  54  5:57  Zerg Melee Weapons Level 1  
  54  5:58  Hydralisk  
  54  5:59  Overlord  
  54  6:00  Burrow  
  54  6:01  Spore Crawler  
  55  6:04  Drone, Spore Crawler  
  55  6:09  Hydralisk  
  55  6:17  Zergling x2  
  46  6:25  Hydralisk  
  34  6:34  Roach  
  36  6:42  Roach  
  38  6:50  Hatchery, Roach  
  39  6:58  Roach  
  39  6:59  Drone  
  42  7:05  Hydralisk  
  44  7:10  Queen  
  44  7:13  Overseer, Hydralisk  
  48  7:21  Hydralisk  
  49  7:24  Overseer  
  49  7:28  Spine Crawler  
  48  7:30  Zergling x2  
  48  7:34  Spine Crawler  
  48  7:38  Ravager  
  48  7:39  Ravager x2  
  48  7:40  Roach  
  53  7:48  Roach  
  55  7:56  Roach  
  55  7:58  Infestation Pit  
  56  8:03  Drone  
  56  8:04  Drone  
  58  8:06  Drone  
  58  8:11  Drone  
  60  8:16  Drone  
Show
View Real Time Build Order
Export as new Build Order

IA (Más difícil) Protoss 

Build Orders:  

Get SALT Encoding   

  12  0:01  Probe  
  13  0:13  Probe  
  14  0:20  Pylon  
  14  0:25  Probe  
  15  0:34  Probe  
  15  0:42  Probe  
  16  0:47  Assimilator  
  17  0:51  Gateway, Probe  
  18  0:59  Probe  
  18  1:01  Pylon  
  19  1:20  Probe  
  20  1:37  Zealot  
  22  1:41  Gateway  
  22  1:45  Cybernetics Core  
  22  1:47  Assimilator  
  22  1:55  Zealot  
  22  2:00  Pylon  
  24  2:22  Stalker  
  24  2:28  Adept  
  28  2:39  Warp Gate  
  28  2:41  Pylon  
  28  2:48  Zealot  
  32  2:58  Zealot  
  32  3:09  Stalker  
  34  3:25  Stalker  
  36  3:27  Pylon  
  36  3:39  Stalker  
  38  3:42  Probe  
  39  3:52  Adept  
  39  3:54  Probe  
  42  3:59  Pylon  
  42  4:03  Probe  
  42  4:09  Stalker  
  45  4:11  Probe  
  45  4:13  Forge  
  46  4:21  Probe  
  46  4:22  Stalker  
  49  4:33  Probe  
  50  4:47  Stalker  
  52  5:35  Protoss Ground Weapons Level 1  
  52  5:59  Sentry  
  52  6:03  Gateway  
  54  6:04  Twilight Council  
  54  6:07  Sentry, Photon Cannon  
  53  6:12  Photon Cannon  
  53  6:19  Pylon  
  53  6:20  Sentry  
  53  6:23  Forge  
  55  6:30  Stalker  
  55  6:31  Robotics Facility  
  57  6:32  Nexus  
  57  6:38  Sentry  
  58  6:54  Sentry  
  60  7:19  Observer  
  61  7:32  Stargate  
  61  7:40  Observer  
  62  7:46  Probe  
  62  7:47  Probe  
  64  7:58  Assimilator, Probe  
  65  8:00  Probe  
  65  8:03  Pylon  
  66  8:06  Pylon  
  66  8:10  Probe  
  66  8:12  Probe  
  68  8:15  Assimilator  
Tags
 
Add a new tag
Caveats
  • Supply blocks, unpowered buildings, or Contaminate may cause inaccurate times.
  • Supply counts are checked every 10 seconds.